 Dungeon Crawl Stone Soup version 0.29.1-15-g9cfb28693d (webtiles) character file.

Game seed: 9102462201896660916

117 Hugehornet the Stinger (level 5, -2/33 HPs)
             Began as an Octopode Transmuter on Mar 25, 2023.
             Slain by an orc
             ... wielding a +0 short sword
              (3 damage)
             ... on level 3 of the Dungeon.
             The game lasted 00:04:17 (3031 turns).

Hugehornet the Stinger (Octopode Transmuter)        Turns: 3031, Time: 00:04:18

Health: -2/33      AC:  1    Str:  9    XL:     5   Next: 1%
Magic:  7/8        EV: 13    Int: 18    God:
Gold:   125        SH:  0    Dex: 18    Spells: 5/9 levels left

rFire   . . .      SeeInvis .     - Unarmed
rCold   . . .      Faith    .   (no shield)
rNeg    . . .      Spirit   .   (helmet currently unavailable)
rPois   .          Reflect  .   (no amulet)
rElec   .          Harm     .   l - +6 ring of dexterity
rCorr   .          Rampage  .   (no ring)
Will    .....                   (no ring)
Stlth   +++.......              (no ring)
HPRegen 0.11/turn               (no ring)
MPRegen 0.11/turn               (no ring)
                                (no ring)
                                (no ring)

@: appendages
A: tentacle spike 3, almost no armour, amphibious, 8 rings, camouflage 1,
gelatinous body 1, (nimble swimmer 1), tentacles
a: End Transformation


You were on level 3 of the Dungeon.
One of your tentacles had grown a beastly spike.
You visited 1 branch of the dungeon, and saw 3 of its levels.

You collected 125 gold pieces.

Inventory:

Jewellery
 f - a ring of fire
 l - a +6 ring of dexterity (left tentacle)
Scrolls
 b - 2 scrolls of enchant weapon {unknown}
 c - 3 scrolls of teleportation {unknown}
 e - 5 scrolls of identify {unknown}
 k - a scroll of magic mapping {unknown}
Potions
 a - 2 potions of lignification
 d - 2 potions of degeneration {unknown}
 g - 2 potions of mutation {unknown}
 h - a potion of brilliance {unknown}
 i - a potion of magic {unknown}
 j - a potion of curing {unknown}


   Skills:
 - Level 1.0 Fighting
 - Level 2.0 Dodging
 - Level 3.0 Unarmed Combat
 + Level 2.5 Spellcasting
 * Level 3.3 Transmutations
 * Level 3.5 Poison Magic


You had 5 spell levels left.
You knew the following spells:

 Your Spells              Type           Power      Damage    Failure   Level
a - Beastly Appendage     Tmut           28%        N/A       4%          1
b - Spider Form           Tmut/Pois      14%        N/A       12%         3

Your spell library contained the following spells:

 Spells                   Type           Power      Damage    Failure   Level
 Wereblood                Tmut           14%        N/A       6%          2
 Static Discharge         Conj/Air       2%         3-4/arc   26%         2
 Olgreb's Toxic Radiance  Pois           14%        N/A       38%         4
 Ice Form                 Ice/Tmut       8%         N/A       63%         4
 Lightning Bolt           Conj/Air       1%         1d12      99%         5
 Ozocubu's Refrigeration  Ice            1%         4d7       100%        7
 Ignition                 Fire           1%         3d3       100%        8
 Maxwell's Capacitive Co  Air            1%         ∞         100%        8


Dungeon Overview and Level Annotations

Branches:
Dungeon (3/15)

Altars:
Xom
Zin

Shops:
D:3 *

Annotations:
D:2 exclusion: scorpion


Innate Abilities, Weirdness & Mutations

One of your tentacles has grown a beastly spike.
You cannot wear most types of armour.
You are amphibious.
You can wear up to eight rings at the same time.
Your skin changes colour to match your surroundings (Stealth+).
Your rubbery body absorbs attacks. (AC +1, EV +1)
((You are camouflaged when in or above water. (Stealth+)))
You have tentacles for arms and can constrict up to eight enemies at once.


Message History

Your magical contamination has completely faded away.
You have reached level 5!
You feel clever.
You feel sick.
You feel sick.
You feel sick.
You feel sick.
You are no longer poisoned.
An orc is nearby!
Casting: Beastly Appendage (safe; 4% risk of failure)
Confirm with . or Enter, or press ? or * to list all spells.
One of your tentacles grows a vicious spike.
The orc shouts!
An orc comes into view. It is wielding a +0 short sword.
An orc wizard comes into view. It is wielding a +0 dagger.
An orc priest comes into view. It is wielding a +0 hand axe.
The orc wizard shouts!
The orc priest shouts!
The orc wizard casts a spell.
The orc wizard flickers and vanishes!
Deactivating autopickup; reactivate with Ctrl-A.
The orc hits you with a +0 short sword.
A hobgoblin comes into view.
You closely miss the orc. You grab the orc.
You pierce the orc.
You squeeze the orc.
The orc is heavily wounded.
You constrict the orc. The orc hits you with a +0 short sword.
You are too injured to fight recklessly!
You are too injured to fight recklessly!
Unknown command.
Okay, then.
You tentacle-slap the orc.
You kill the orc!
The orc hits you with a +0 short sword.
The orc priest mumbles some strange prayers to Beogh against you.
Beogh smites you!
* * * LOW HITPOINT WARNING * * *
Something hits you.
* * * LOW HITPOINT WARNING * * *
The orc hits you with a +0 short sword.
You die...

......................#
......................###
........................#
..................)...#.#
.........................
......................#.#
.........................
.........................
...............o@.....##.
................o.....#
......................#
................g...(...
.......................#
.......................#
........................
......................##
.............


You could see an orc priest, an orc and a hobgoblin.

Vanquished Creatures
  A hound (D:3)
  An adder (D:2)
  A dart slug (D:2)
  An orc (D:3)
  5 bats
  5 endoplasms
  3 giant cockroaches (D:2)
  7 goblins
  5 hobgoblins
  13 jackals
  5 ball pythons
  5 frilled lizards
  11 kobolds
  5 rats
  A spectral kobold (D:1)
69 creatures vanquished.

Notes
Turn   | Place    | Note
-------+----------+-------------------------------------------
     0 | D:1      | Hugehornet the Octopode Transmuter began the quest for the
                  | Orb.
     0 | D:1      | Reached XP level 1. HP: 13/13 MP: 3/3
    97 | D:1      | Reached XP level 2. HP: 8/18 MP: 5/5
  1011 | D:1      | Found a faded altar of an unknown god.
  1017 | D:1      | Reached XP level 3. HP: 23/23 MP: 4/6
  1021 | D:1      | Learned a level 3 spell: Spider Form
  1199 | D:2      | Reached skill level 1 in Poison Magic
  1652 | D:2      | Noticed a scorpion
  1711 | D:2      | Found a shimmering altar of Xom.
  1841 | D:2      | Identified the +4 dagger of Accidental Termination {freeze,
                  | rPois rC- Str+2}
  1864 | D:2      | Reached XP level 4. HP: 25/28 MP: 5/7
  2798 | D:3      | Found Zin's Purification Station.
  2798 | D:3      | Found a glowing silver altar of Zin.
  3008 | D:3      | Reached XP level 5. HP: 23/33 MP: 6/8
  3031 | D:3      | HP: 1/33 [something (3)]
  3031 | D:3      | Slain by an orc

Illustrated notes

Levels and vault maps discovered:
D:1:      roderic_crossed_star, layout_rooms,
          dreamdust_ecumenical_altar_drowned_temple
D:2:      layout_basic, basic_altar, grunt_ministairs_11, glass_columns_b,
          chequers_serial_rivers_micro_e, minmay_misc_feat_ornament,
          minmay_fountain_box, minmay_tall_x, uniq_crazy_yiuf_cottage
D:3:      layout_basic, zin_purify

Skill      XL: |  1  2  3  4 |
---------------+-------------+-----
Transmutations | 3 |  3.3
Poison Magic   | 2 3 |  3.5
Fighting       | |  1.0
Dodging        | |  2.0
Unarmed Combat | |  3.0
Spellcasting   | |  2.5

Action                   |  1- 3 |  4- 6 || total
-------------------------+-------+-------++-------
Melee: Unarmed           |    92 |    59 ||   151
       Constrict         |    20 |    15 ||    35
       Tentacles         |    15 |     8 ||    23
       Kick              |    15 |    16 ||    31
       Punch             |     2 |     4 ||     6
 Cast: Beastly Appendage |    24 |    14 ||    38
 Stab: Sleeping          |     6 |     1 ||     7
Armor: Skin              |     9 |     7 ||    16
Dodge: Dodged            |    66 |    58 ||   124
